2 vs 2 Desert Warfare

Match 24373216
End
Panzergrenadier Squad
Selects Battlefield Espionage Battlegroup
Selects Sector Subterfuge Beacon
Kradschützen Motorcycle Team
250 Light Carrier
Construct Light Support Kompanie
Combat Half-tracks
MG34 Team
Fire Support Elements
Flakvierling Half-track
Vehicle Survival Package
Panzerjäger Mechanized Group
Selects Plunder
Veteran Squad Leaders
2.5-tonne Medical Truck
Selects 250/3 Funkpanzerwagen
Construct Panzerarmee Kommand
Tungsten Core Ammunition
Selects Firestorm
Pak 38 Mechanized Group
Panzer III L Medium Tank
Emergency Repair Kits
Armored Reserves
Selects Anti-Tank Incendiary Munitions
Firestorm
Panzer IV Assault Group
Selects Operation Skorpion
Rapid Advance
Firestorm
Tiger Heavy Tank
Construct Mechanized Kompanie
Advanced Optics
Panzerjäger Squad
Panzer IV Assault Group
Firestorm
VonManteuffel
Heartless Jäger
[82AD] Janko
Scotch
0
0

Comments sign in to comment!

Nhika 10 months ago

Seems like the allies derped hard here even after they had the whole map. Scotch just made 2 mortar pits super far back, started air dropping supplies for more ammo (?) randomly. Suicided the Hellcats he made lol It's like they both decided to abandon mid (this map sucks if you lose mid). Even the UKF early Bishop was kind of questionable!

Heartless Jäger [U] 10 months ago

In the early game you will see some aggressive moves by the Axis towards the allied fuel point which succeeded but led to the allies taking the Axis fuel point and all the big ammo points. By minute 6 the Humer had arrived and the Wehrmacht player went for Luftwaffe company so he had no Pak and not enough ammo for the  Shrek, so his Team mate had to help him out with a Flak-Vierling and a Panzerjäger. They were not able to knock out the Humber however with a combined push they managed to steal the british At-Gun and take the right side, while the American forces were taking the left side and building mortar-pits in the Center.  Now the fight for the Center could begin the British built a double Bishop to bomb the Axis lines and later went for a Matilda into double Grants,the Americans called in bombing strike after bombing strike to finish off whatever survived the bishop's barrages and clear out every tank with hellcats. The Wehrmacht went for a Wespe to counter the bishops and a Panther to beat the Grants back and the DAK called in a P4 and a Tiger tank to finish off the Hellcats raid.  Who will break the enemy once and for all?